 Dungeon Crawl Stone Soup version 0.18-a0-1293-g5a2c81a (webtiles) character file.

69 ezio133798 the Sneak (level 4, -30/30 HPs)
             Began as a Vampire Earth Elementalist on Feb 10, 2016.
             Was a Follower of Dithmenos.
             Killed from afar by a kobold (32 damage)
             ... with an exploding inner flame
             ... hexed by the player character
             ... in a sewer.
             The game lasted 00:16:27 (1968 turns).

ezio133798 the Sneak (Vampire Earth Elementalist)   Turns: 1968, Time: 00:16:27

Health: -30/30     AC:  3    Str:  7    XL:     4   Next: 2%
Magic:  2/8        EV: 13    Int: 18    God:    Dithmenos [*.....]
Gold:   144        SH:  0    Dex: 14    Spells: 1 memorised, 7 levels left

rFire  . . .     SeeInvis +     k - +4 dagger
rCold  . . .     Gourm    .     a - +0 robe
rNeg   + . .     Faith    .     (no shield)
rPois  .         Spirit   .     (no helmet)
rElec  .         Dismiss  .     (no cloak)
rCorr  .         Reflect  .     (no gloves)
SustAt .         Harm     .     l - +0 pair of boots
MR     .....                    (no amulet)
Stlth  ++........               (no ring)
                                (no ring)

@: lethally poisoned (-30 -> -32), wreathed by umbra, not resistant to hostile
enchantments, unstealthy
A: fangs 3, see invisible, unbreathing
a: Bat Form, Renounce Religion


You were in a sewer.
You worshipped Dithmenos.
Dithmenos was aware of your devotion.
You were not thirsty.

You visited 1 branch of the dungeon, and saw 3 of its levels.
You also visited: Sewer.

You collected 144 gold pieces.

Inventory:

Hand Weapons
 g - a +0 club
 h - a +0 club
 k - a +4 dagger (weapon)
 m - a +0 short sword
 q - a +0 short sword
Missiles
 b - 145 stones (quivered)
 n - 23 sling bullets
Armour
 a - a +0 robe (worn)
 l - a +0 pair of boots (worn)
Jewellery
 t - an uncursed ring of ice {unknown}
Scrolls
 f - a scroll of teleportation
 o - 2 scrolls of identify
 v - a scroll of fog {unknown}
Potions
 j - a potion of berserk rage
 u - a potion of brilliance
Books
 c - a book of Geomancy

   Spells                             Type                      Level
   a - Sandblast                      Earth                        1
   b - Passwall                       Transmutation/Earth          2
   c - Stone Arrow                    Conjuration/Earth            3
   d - Petrify                        Transmutation/Earth          4
   e - Lee's Rapid Deconstruction     Earth                        5
Comestibles
 i - 6 fruits
 r - a bread ration


   Skills:
 + Level 0.2 Short Blades
 + Level 2.5 Dodging
 + Level 3.9 Stealth
 + Level 2.9 Spellcasting
   Level 1.1 Transmutations
 + Level 3.7 Earth Magic


You had 7 spell levels left.
You knew the following spells:

 Your Spells              Type           Power        Failure   Level  Hunger
a - Sandblast             Erth           ###...       4%          1    None


Dungeon Overview and Level Annotations

Branches:
Dungeon (3/15)

Altars:
Dithmenos
Ru
Xom
Zin


Innate Abilities, Weirdness & Mutations

You have razor-sharp teeth.
You have supernaturally acute eyesight.
You can survive without breathing.


Message History

A kobold comes into view. It is wielding a short sword.
There is a lethal amount of poison in your body!
As you read the scroll labeled LETTESH RAEBAU, it crumbles to dust.
Dithmenos forgives your accidental fire-starting, just this once.
The creatures around you are filled with an inner flame!
It was a scroll of immolation.
* * * LOW HITPOINT WARNING * * *
You feel sick.
As you read the scroll labeled TAELYXKAICH, it crumbles to dust.
You feel aware of your surroundings.
It was a scroll of magic mapping.
Casting: Sandblast
Confirm with . or Enter, or press ? or * to list all spells.
Aiming: Sandblast
Press: ? - help, Shift-Dir - straight line, f - kobold
Aim: a kobold, wielding a short sword (umbra, inner flame)
The blast of sand hits the kobold.
The kobold explodes!
The fiery explosion engulfs you!
Ouch! That really hurt!
You die...

*≈≈,* ≈,≈,* *******
,,≈≈* *****,≈≈≈,*
≈,,********≈≈,≈≈*****
≈****,≈,≈,≈≈***≈≈≈≈,*
#* *,≈≈≈≈≈≈≈* ##*****
##**≈,≈≈,.≈≈###§≈≈≈,*
≈##≈≈≈≈***#≈≈.§§#####
...≈≈≈** ****#§@†≈.#
≈.≈≈≈#* #######
.≈.≈≈# .≈≈≈≈# .≈.≈≈#
≈.≈.≈#* *******
≈≈.≈.≈** *****,≈≈≈,*
≈##.≈≈≈****≈≈≈≈≈*****
##**.≈,,,≈,,***≈≈≈≈,*


There were no monsters in sight!

Vanquished Creatures
  2 adders
  A worm (D:3)
  3 giant geckos
  An orc (D:3)
  2 ball pythons
  7 giant cockroaches
  2 goblins
  4 hobgoblins (D:3)
  3 jackals (D:2)
  A quokka (D:2)
  5 bats
  A giant newt (D:1)
  4 kobolds
  4 rats
40 creatures vanquished.

Notes
Turn   | Place    | Note
--------------------------------------------------------------
     0 | D:1      | ezio133798 the Vampire Earth Elementalist began the quest for the Orb.
     0 | D:1      | Reached XP level 1. HP: 13/13 MP: 3/3
   238 | D:1      | You fall through a shaft!
   238 | D:2      | Found a shimmering altar of Xom.
   238 | D:2      | Noticed an angel
   242 | D:2      | Found a glowing silver altar of Zin.
   315 | D:2      | Found a shadowy altar of Dithmenos.
   335 | D:2      | Became a worshipper of Dithmenos the Shadowed
   516 | D:2      | Reached XP level 2. HP: 19/19 MP: 5/5
   597 | D:2      | Found a sacrificial altar of Ru.
   990 | D:2      | Reached XP level 3. HP: 13/24 MP: 4/6
  1860 | D:3      | Reached * piety under Dithmenos
  1864 | D:3      | Found a glowing drain.
  1883 | D:3      | Reached XP level 4. HP: 30/30 MP: 3/8
  1887 | Sewer    | Entered a sewer
  1905 | Sewer    | Noticed a big kobold
  1968 | Sewer    | Killed from afar by a kobold

Vault maps used:
D:1:      dpeg_arrival_water_temple_mockup
D:2:      grunt_temple_overflow_order_and_chaos_1,
          grunt_dithmenos_smoke_and_mirrors, first_bread,
          nicolae_ru_awakened_eye
D:3:      portal_sewer_entry_f
Sewer:    sewer_co_tree

Action                   |  1- 3 |  4- 6 || total
-------------------------+-------+-------++-------
Melee: Unarmed           |     3 |       ||     3
       Dagger            |    52 |     8 ||    60
 Cast: Sandblast         |    44 |     7 ||    51
 Abil: End Transformatio |       |     1 ||     1
       Bat Form          |       |     1 ||     1
  Use: Potion            |     1 |     1 ||     2
       Scroll            |       |     5 ||     5
 Stab: Sleeping          |     4 |       ||     4
  Eat: Corpse            |     3 |       ||     3
